 Dungeon Crawl Stone Soup version 0.31-a0-675-g238779eb0a (webtiles) character file.

Game seed: 321491898722438533

37047 qw the Marksgargoyle (level 13, 0/84 HPs)
             Began as a Gargoyle Hunter on Sept 5, 2023.
             Was an Elder of Okawaru.
             Splashed by a brown ugly thing's acid (7 damage)
             ... on level 11 of the Dungeon.
             The game lasted 00:07:33 (14260 turns).

qw the Marksgargoyle (Gargoyle Hunter)             Turns: 14260, Time: 00:07:34

Health: 0/84       AC: 17    Str: 15    XL:     13   Next: 94%
Magic:  19/20      EV: 19    Int: 11    God:    Okawaru [****..]
Gold:   1298       SH:  5    Dex: 24    Spells: 12/12 levels left

rFire   + . .        Y - +1 arbalest
rCold   + . .        (shield currently unavailable)
rNeg    + . .        k - +1 ring mail of Ehybbep {rPois Dex+7 Slay+4 Stlth-}
rPois   inf          i - +0 helmet
rElec   +            h - scarf {rC+ rF+}
rCorr   .            t - +1 pair of gloves
SInv    +            f - +1 pair of boots
Will    .....        s - amulet of reflection
Stlth   ++           c - +4 ring of protection
HPRegen 0.34/turn    o - ring of see invisible
MPRegen 0.17/turn

%: reflection
@: about to teleport, heroic, corroded
A: sickness immunity, AC +9, negative energy resistance 1, electricity
resistance, torment resistance 1, petrification resistance
a: Renounce Religion, Heroism, Finesse


You were on level 11 of the Dungeon.
You worshipped Okawaru.
Okawaru was greatly pleased with you.
You visited 3 branches of the dungeon, and saw 17 of its levels.

You collected 1564 gold pieces.
You spent 266 gold pieces at shops.


Innate Abilities, Weirdness & Mutations

You are immune to sickness and miasma.
Your stone body is resilient. (AC +9)
You are immune to poison.
You resist negative energy. (rN+)
You are resistant to electric shocks. (rElec)
You are resistant to unholy torment.
You are immune to petrification.


   Skills:
 - Level 11.0(16.0) Fighting
 + Level 16.6(21.6) Ranged Weapons
 - Level 9.0(14.0) Armour
 - Level 6.2(11.2) Dodging
 - Level 1.1(6.1) Stealth
 - Level 10.0 Invocations


You had 12 spell levels left.
You didn't know any spells.
Your spell library was empty.

Inventory:

Hand Weapons
 Y - a +1 arbalest (weapon)
Armour
 f - a +1 pair of boots (worn)
 h - a scarf of resistance (worn)
 i - a +0 helmet (worn)
 k - the +1 ring mail of Ehybbep (worn) {rPois Dex+7 Slay+4 Stlth-}
   (You found it on level 4 of the Lair of Beasts)

   Dex+7:     It affects your dexterity (+7).
   Slay+4:    It affects your accuracy & damage with ranged weapons and melee
   (+4).
   rPois:     It protects you from poison Stlth-: It makes you less stealthy.
 p - a +0 cloak
 t - a +1 pair of gloves (worn)
Jewellery
 c - a +4 ring of protection (left hand)
 o - a ring of see invisible (right hand)
 s - an amulet of reflection (around neck)
Scrolls
 j - 4 scrolls of identify
 n - a scroll of teleportation
Potions
 a - a potion of resistance
 b - 2 potions of enlightenment
 d - 8 potions of might
 e - 2 potions of haste
 g - a potion of magic
 l - 2 potions of curing
 q - a potion of heal wounds
 u - 2 potions of cancellation

Dungeon Overview and Level Annotations

Branches:
Dungeon (11/15)            Temple (1/1) D:5            Lair (5/5) D:10
 Shoals (0/4) Lair:2       Spider (0/4) Lair:2        Slime (0/5) Lair:5
    Orc: D:9-12

Altars:
Ashenzari
Cheibriados
Dithmenos
Elyvilon
Fedhas
Gozag
Hepliaklqana
Kikubaaqudgha
Makhleb
Nemelex Xobeh
Okawaru
Qazlal
Ru
Sif Muna
Trog
Uskayaw
Vehumet
Wu Jian
Xom
Yredelemnul
Zin
The Shining One
Jiyva

Shops:
D:6 [   D:9 *

Portals:
Hell: Lair:5

Annotations:
Lair:2 2 transporters


Message History

Okawaru accepts your kill.
The brown ugly thing closely misses you.
The yak barely misses you. The yak misses you.
You shoot a bolt. The bolt hits the yak!
The yak is moderately wounded.
The brown ugly thing barely misses you. The yak completely misses you.
The troll bites you! The troll claws you! You block the troll's attack.
The yak misses you.
You shoot a bolt. The bolt hits the yak!!
The yak is almost dead.
The brown ugly thing pecks you but does no damage.
You block the yak's attack. The troll closely misses you.
The troll completely misses you. You block the troll's attack.
You block the yak's attack.
You shoot a bolt. The bolt hits the yak!
You kill the yak!
Okawaru accepts your kill.
The brown ugly thing pecks you but does no damage.
The troll misses you. x2; You block the troll's attack.
The yak closely misses you.
The brown ugly thing pecks you but does no damage.
You shoot a bolt. The bolt hits the yak!!
The yak is almost dead.
The yak closely misses you. The troll misses you.
The troll closely misses you. x2
The yak barely misses you.
You block the brown ugly thing's attack.
You shoot a bolt. The bolt hits the yak!
You kill the yak!
Okawaru accepts your kill. The troll bites you! The troll claws you!
You block the troll's attack. The yak gores you!
You block the brown ugly thing's attack.
14260 ||| READING 2 scrolls of teleportation.
As you read the scroll of teleportation, it crumbles to dust.
You feel strangely unstable. The troll bites you but does no damage.
You block the troll's attack. The troll closely misses you.
The yak closely misses you. The brown ugly thing pecks you.
The acid corrodes you!
You are splashed with acid!
You die...

....
....###########..
....)............
.................
........<........
.................
.................
........uY%......
........T@#####.
.....#+#### .....
.>.. .... ..<


You could see a brown ugly thing, a yak and a troll.

Vanquished Creatures
  Kirke (Lair:4)
  4 hydras (Lair:5)
  A two-headed ogre (D:10)
  Nergalle (Lair:2)
  A skyshark (Lair:5)
  A sun demon (Lair:5)
  Amaemon (D:9)
  A wizard (Lair:5)
  A manticore (Lair:2)
  4 elephants (Lair:4)
  7 black mambas
  3 orange demons
  A smoke demon (Lair:5)
  A molten gargoyle (Lair:1)
  14 cane toads
  Maggie (Lair:1)
  7 rime drakes
  2 ice devils (Lair:5)
  2 komodo dragons
  A red devil (Lair:5)
  2 trolls (D:9)
  A polar bear (Lair:5)
  A wind drake (Lair:2)
  12 blink frogs
  3 slime creatures (D:7)
  A jumping spider (Lair:2)
  2 shadows
  6 wyverns
  A vampire (D:9)
  A hog (Lair:4)
  30 yaks
  5 humans (Lair:4)
  A steam dragon (D:8)
  2 basilisks
  4 vampire mosquitoes (D:10)
  6 hell hounds
  12 water moccasins
  A black bear (D:5)
  2 ice beasts
  4 ogres
  12 wolves
  7 centaurs
  A phantom (D:7)
  A kobold brigand (D:8)
  9 bullfrogs
  A gnoll sergeant (D:7)
  5 scorpions
  12 wights
  5 killer bees
  5 electric eels
  3 howler monkeys (D:9)
  A lava snake (D:10)
  3 hounds (D:5)
  4 orc priests
  A gnoll bouda (D:7)
  A jelly (D:7)
  3 iguanas
  7 orc wizards
  7 adders
  9 gnolls (D:7)
  A white imp (D:7)
  An ufetubus (D:7)
  3 worms (D:2)
  3 dart slugs
  15 orcs
  3 bats
  14 endoplasms
  6 giant cockroaches
  5 hobgoblins
  8 jackals
  6 quokkas
  A ball python (D:4)
  4 frilled lizards
  9 goblins
  13 kobolds
  9 rats
  A spectral orc (D:5)
  3 butterflies
354 creatures vanquished.

Vanquished Creatures (others)
  A vampire (D:10)
1 creature vanquished.

Grand Total: 355 creatures vanquished

Notes
Turn   | Place    | Note
-------+----------+-------------------------------------------
     0 | D:1      | qw the Gargoyle Hunter began the quest for the Orb.
     0 | D:1      | Reached XP level 1. HP: 12/12 MP: 1/1
     0 | D:1      | 0 ||| qw: Version: 0.3-a-75-g829b12e
     0 | D:1      | 0 ||| qw: Game counter: 156
     0 | D:1      | 0 ||| qw: Melee chars always use a shield: true
     0 | D:1      | 0 ||| qw: God list: Okawaru
     0 | D:1      | 0 ||| qw: Allow faded altars: false
     0 | D:1      | 0 ||| qw: Do Orc after clearing Dungeon:15 true
     0 | D:1      | 0 ||| qw: Do second Lair branch before Depths: true
     0 | D:1      | 0 ||| qw: Lair rune preference: random
     0 | D:1      | 0 ||| qw: Goals: Normal
     0 | D:1      | 0 ||| PLANNING D:1-11
    70 | D:1      | Reached XP level 2. HP: 17/17 MP: 2/2
   288 | D:1      | Reached XP level 3. HP: 20/21 MP: 3/3
   403 | D:1      | Reached skill level 5 in Ranged Weapons
   458 | D:1      | Found a faded altar of an unknown god.
   572 | D:1      | 572 ||| DROPPING scroll of butterflies.
   698 | D:2      | Reached skill level 3 in Fighting
   728 | D:2      | Reached XP level 4. HP: 26/28 MP: 4/4
   762 | D:2      | Identified the +7 sling of Instinct {drain, Int+3}
   764 | D:2      | 764 ||| SWAPPING to +7 sling of Instinct {drain, Int+3}.
   765 | D:2      | 765 ||| DROPPING +0 shortbow.
   951 | D:2      | 951 ||| UPGRADING to +0 ring mail.
   961 | D:2      | 961 ||| DROPPING +0 leather armour.
   962 | D:2      | 962 ||| READING scroll labelled HIBBANG XAKH.
   963 | D:2      | 963 ||| READING 3 scrolls labelled DETOQU ADA SEKK.
  1068 | D:3      | Reached skill level 1 in Armour
  1293 | D:3      | Reached XP level 5. HP: 32/32 MP: 5/5
  1634 | D:3      | 1634 ||| READING scroll labelled UCAVEGO ALENOJ.
  1635 | D:3      | 1635 ||| READING 5 scrolls labelled IFULUPRADE.
  1636 | D:3      | 1636 ||| READING 4 scrolls of identify.
  1636 | D:3      | 1636 ||| IDENTIFYING ruby potion
  1637 | D:3      | 1637 ||| READING 3 scrolls of identify.
  1637 | D:3      | 1637 ||| IDENTIFYING murky cyan potion
  1638 | D:3      | 1638 ||| DROPPING potion of invisibility.
  1764 | D:4      | Noticed an ogre
  1769 | D:4      | Killed an ogre
  1770 | D:4      | Reached skill level 6 in Ranged Weapons
  1770 | D:4      | Reached XP level 6. HP: 37/37 MP: 6/6
  2318 | D:4      | 2318 ||| UPGRADING to +1 pair of boots.
  2323 | D:4      | 2323 ||| READING 2 scrolls of identify.
  2323 | D:4      | 2323 ||| IDENTIFYING glowing amethyst potion
  2324 | D:4      | 2324 ||| DROPPING potion of lignification.
  2344 | D:5      | Entered Level 5 of the Dungeon
  2345 | D:5      | 2345 ||| STAIRDANCE
  2350 | D:4      | Reached skill level 7 in Ranged Weapons
  2356 | D:5      | Reached XP level 7. HP: 41/44 MP: 7/7
  2406 | D:5      | Reached skill level 8 in Ranged Weapons
  2440 | D:5      | 2440 ||| RETREATING.
  2458 | D:5      | HP: 7/44 [iguana (6)]
  2459 | D:5      | 2459 ||| READING 3 scrolls of teleportation.
  2460 | D:5      | HP: 2/44 [iguana (5)]
  2463 | D:5      | Reached XP level 8. HP: 3/50 MP: 8/8
  2638 | D:5      | Found a staircase to the Ecumenical Temple.
  2639 | D:5      | 2639 ||| PLANNING TEMPLE
  2644 | Temple   | Entered the Ecumenical Temple
  2645 | Temple   | 2645 ||| PLANNING D:1-11
  2672 | D:5      | 2672 ||| RETREATING.
  2673 | D:5      | 2673 ||| Stepping ~*~*~tactically~*~*~ (outnumbered).
  2674 | D:5      | 2674 ||| Stepping ~*~*~tactically~*~*~ (outnumbered).
  2675 | D:5      | 2675 ||| RETREATING.
  3036 | D:5      | Reached skill level 9 in Ranged Weapons
  3122 | D:5      | Found a basalt altar of Yredelemnul.
  3283 | D:5      | 3283 ||| UPGRADING to +0 helmet.
  3288 | D:5      | 3288 ||| UPGRADING to +4 ring of protection.
  3289 | D:5      | 3289 ||| READING scroll labelled DYITUG NEOPREEF.
  3290 | D:5      | 3290 ||| READING scroll labelled ROAMAT YLORGH.
  3291 | D:5      | 3291 ||| DRINKING 2 inky potions.
  3292 | D:5      | 3292 ||| READING 3 scrolls of identify.
  3292 | D:5      | 3292 ||| IDENTIFYING murky yellow potion
  3293 | D:5      | 3293 ||| READING 2 scrolls of identify.
  3293 | D:5      | 3293 ||| IDENTIFYING bubbling black potion
  3449 | D:6      | Reached skill level 6 in Fighting
  3602 | D:6      | Reached skill level 10 in Ranged Weapons
  3629 | D:6      | Found Qiegabok's Armour Shoppe.
  3637 | D:6      | 3637 ||| BUYING +0 pair of gloves (54 gold).
  3637 | D:6      | Bought a +0 pair of gloves for 54 gold pieces
  3637 | D:6      | 3637 ||| BUYING +1 robe of willpower (152 gold).
  3637 | D:6      | Bought a +1 robe of willpower for 152 gold pieces
  3637 | D:6      | 3637 ||| SHOPLISTING +2 robe (152 gold, have 47).
  3750 | D:6      | 3750 ||| Stepping ~*~*~tactically~*~*~ (outnumbered).
  3752 | D:6      | 3752 ||| RETREATING.
  3753 | D:6      | 3753 ||| Stepping ~*~*~tactically~*~*~ (retreating).
  3754 | D:6      | 3754 ||| STAIRDANCE
  3810 | D:5      | 3810 ||| UPGRADING to +0 pair of gloves.
  3815 | D:5      | 3815 ||| UPGRADING to +1 robe of willpower.
  3825 | D:5      | 3825 ||| UPGRADING to ring of see invisible.
  3826 | D:5      | 3826 ||| READING scroll labelled TOW VU FEATO.
  3829 | D:6      | 3829 ||| STAIRDANCE
  3833 | D:5      | Reached XP level 9. HP: 43/55 MP: 9/9
  3907 | D:6      | Found a shimmering blue altar of Sif Muna.
  3921 | D:6      | Found a burning altar of Makhleb.
  3924 | D:6      | Found a white marble altar of Elyvilon.
  3927 | D:6      | Found a radiant altar of Vehumet.
  4126 | D:6      | 4126 ||| UPGRADING to +0 cloak.
  4131 | D:6      | 4131 ||| DROPPING amulet of magic regeneration.
  4379 | D:7      | Reached skill level 3 in Dodging
  4434 | D:7      | 4434 ||| Stepping ~*~*~tactically~*~*~ (retreating).
  4437 | D:7      | 4437 ||| Stepping ~*~*~tactically~*~*~ (retreating).
  4444 | D:7      | 4444 ||| Stepping ~*~*~tactically~*~*~ (retreating).
  4445 | D:7      | 4445 ||| Stepping ~*~*~tactically~*~*~ (retreating).
  4446 | D:7      | 4446 ||| Stepping ~*~*~tactically~*~*~ (retreating).
  4447 | D:7      | 4447 ||| Stepping ~*~*~tactically~*~*~ (retreating).
  4448 | D:7      | 4448 ||| Stepping ~*~*~tactically~*~*~ (retreating).
  4449 | D:7      | 4449 ||| Stepping ~*~*~tactically~*~*~ (retreating).
  4450 | D:7      | 4450 ||| Stepping ~*~*~tactically~*~*~ (retreating).
  4451 | D:7      | 4451 ||| Stepping ~*~*~tactically~*~*~ (retreating).
  4458 | D:7      | 4458 ||| Stepping ~*~*~tactically~*~*~ (retreating).
  4471 | D:7      | 4471 ||| FLEEEEING.
  4586 | D:7      | 4586 ||| RETREATING.
  4606 | D:7      | Reached skill level 11 in Ranged Weapons
  4612 | D:7      | 4612 ||| Stepping ~*~*~tactically~*~*~ (retreating).
  4613 | D:7      | 4613 ||| Stepping ~*~*~tactically~*~*~ (retreating).
  4614 | D:7      | 4614 ||| Stepping ~*~*~tactically~*~*~ (retreating).
  4615 | D:7      | 4615 ||| Stepping ~*~*~tactically~*~*~ (retreating).
  4616 | D:7      | 4616 ||| Stepping ~*~*~tactically~*~*~ (retreating).
  4617 | D:7      | 4617 ||| Stepping ~*~*~tactically~*~*~ (retreating).
  4618 | D:7      | 4618 ||| Stepping ~*~*~tactically~*~*~ (retreating).
  4636 | D:7      | HP: 9/57 [very large slime creature (10)]
  4637 | D:7      | 4637 ||| READING 4 scrolls of teleportation.
  4638 | D:7      | Killed a very large slime creature
  4641 | D:7      | 4641 ||| READING 3 scrolls of teleportation.
  4643 | D:7      | 4643 ||| Stepping ~*~*~tactically~*~*~ (outnumbered).
  4907 | D:7      | 4907 ||| Stepping ~*~*~tactically~*~*~ (outnumbered).
  4909 | D:7      | 4909 ||| Stepping ~*~*~tactically~*~*~ (outnumbered).
  4912 | D:7      | 4912 ||| Stepping ~*~*~tactically~*~*~ (outnumbered).
  4920 | D:7      | 4920 ||| Stepping ~*~*~tactically~*~*~ (outnumbered).
  4921 | D:7      | 4921 ||| Stepping ~*~*~tactically~*~*~ (outnumbered).
  4927 | D:7      | Reached XP level 10. HP: 57/65 MP: 10/10
  4998 | D:7      | You fall into a shaft and drop 1 floor!
  4998 | D:8      | Found a flagged portal.
  5003 | D:8      | Identified the +9 hand axe of Ewosch {venom, Str+2}
  5044 | D:8      | 5044 ||| DROPPING +0 ring mail.
  5045 | D:8      | 5045 ||| UPGRADING to quicksilver dragon scales.
  5047 | D:8      | 5047 ||| UPGRADING to quicksilver dragon scales.
  5057 | D:8      | 5057 ||| DROPPING +1 robe of willpower.
  5058 | D:8      | 5058 ||| UPGRADING to amulet of reflection.
  5063 | D:8      | 5063 ||| READING scroll labelled FUWEWYSTRYST.
  5139 | D:7      | Reached skill level 3 in Armour
  5245 | D:7      | 5245 ||| DROPPING scarf of shadows.
  5246 | D:7      | 5246 ||| READING 3 scrolls of identify.
  5246 | D:7      | 5246 ||| IDENTIFYING fuming sapphire potion
  5247 | D:7      | 5247 ||| READING 2 scrolls of identify.
  5247 | D:7      | 5247 ||| IDENTIFYING fuming grey potion
  5662 | D:8      | 5662 ||| Stepping ~*~*~tactically~*~*~ (cloud).
  5669 | D:8      | 5669 ||| Stepping ~*~*~tactically~*~*~ (cloud).
  5671 | D:8      | 5671 ||| Stepping ~*~*~tactically~*~*~ (cloud).
  5879 | D:8      | Identified the +2 hand axe of Fosier {speed, rC+ MP+9}
  5920 | D:8      | 5920 ||| READING 3 scrolls of identify.
  5920 | D:8      | 5920 ||| IDENTIFYING sedimented golden potion
  5921 | D:8      | 5921 ||| DROPPING potion of berserk rage.
  5954 | D:9      | Reached skill level 6 in Armour
  5954 | D:9      | 5954 ||| FLEEEEING.
  5955 | D:9      | 5955 ||| FLEEEEING.
  5956 | D:9      | 5956 ||| FLEEEEING.
  5957 | D:9      | 5957 ||| FLEEEEING.
  5958 | D:9      | 5958 ||| STAIRDANCE
  6014 | D:9      | 6014 ||| SWAPPING to +0 orcbow.
  6015 | D:9      | 6015 ||| DROPPING +7 sling of Instinct {drain, Int+3}.
  6066 | D:9      | HP: 11/65 [troll (7)]
  6067 | D:9      | 6067 ||| READING 2 scrolls of teleportation.
  6068 | D:9      | 6068 ||| DRINKING potion of heal wounds.
  6078 | D:9      | 6078 ||| FLEEEEING.
  6079 | D:9      | 6079 ||| FLEEEEING.
  6080 | D:9      | 6080 ||| FLEEEEING.
  6081 | D:9      | 6081 ||| FLEEEEING.
  6082 | D:9      | 6082 ||| FLEEEEING.
  6083 | D:9      | 6083 ||| FLEEEEING.
  6084 | D:9      | 6084 ||| FLEEEEING.
  6088 | D:9      | 6088 ||| STAIRDANCE
  6210 | D:9      | 6210 ||| STAIRDANCE
  6373 | D:9      | Found Gyh Quuz's General Store.
  6389 | D:9      | 6389 ||| BUYING potion of might (60 gold).
  6389 | D:9      | Bought a potion of might for 60 gold pieces
  6460 | D:9      | Found an iron altar of Okawaru.
  6460 | D:9      | Found a sacrificial altar of Ru.
  6461 | D:9      | 6461 ||| PLANNING OKAWARU WORSHIP
  6461 | D:9      | 6461 ||| UPGRADING to scarf of resistance.
  6474 | D:9      | Became a worshipper of Warmaster Okawaru
  6475 | D:9      | 6475 ||| PLANNING D:1-11
  6571 | D:9      | Noticed Amaemon
  6576 | D:9      | Noticed an orange demon
  6600 | D:9      | Reached skill level 12 in Ranged Weapons
  6605 | D:9      | Killed Amaemon
  6605 | D:9      | Reached * piety under Okawaru
  6606 | D:9      | 6606 ||| INVOKING Heroism.
  6612 | D:9      | Killed an orange demon
  6613 | D:9      | Reached skill level 1 in Invocations
  6951 | D:10     | Entered Level 10 of the Dungeon
  7025 | D:10     | 7025 ||| Stepping ~*~*~tactically~*~*~ (retreating).
  7026 | D:10     | 7026 ||| Stepping ~*~*~tactically~*~*~ (retreating).
  7030 | D:10     | Reached skill level 3 in Invocations
  7030 | D:10     | Noticed a two-headed ogre
  7031 | D:10     | 7031 ||| INVOKING Heroism.
  7036 | D:10     | Reached skill level 13 in Ranged Weapons
  7036 | D:10     | Reached XP level 11. HP: 61/69 MP: 10/13
  7049 | D:10     | Killed a two-headed ogre
  7049 | D:10     | Reached ** piety under Okawaru
  7050 | D:10     | Reached skill level 9 in Fighting
  7200 | D:10     | 7200 ||| RETREATING.
  7202 | D:10     | 7202 ||| Stepping ~*~*~tactically~*~*~ (retreating).
  7238 | D:10     | 7238 ||| INVOKING Heroism.
  7351 | D:10     | Found a staircase to the Lair.
  7563 | D:10     | 7563 ||| INVOKING Heroism.
  7717 | D:10     | 7717 ||| Stepping ~*~*~tactically~*~*~ (retreating).
  7727 | D:10     | Reached *** piety under Okawaru
  7732 | D:10     | 7732 ||| INVOKING Heroism.
  7854 | D:10     | 7854 ||| PLANNING LAIR
  7903 | Lair:1   | Entered Level 1 of the Lair of Beasts
  7961 | Lair:1   | 7961 ||| INVOKING Heroism.
  8084 | Lair:1   | Noticed Maggie
  8088 | Lair:1   | 8088 ||| Stepping ~*~*~tactically~*~*~ (retreating).
  8089 | Lair:1   | 8089 ||| Stepping ~*~*~tactically~*~*~ (retreating).
  8090 | Lair:1   | 8090 ||| Stepping ~*~*~tactically~*~*~ (retreating).
  8091 | Lair:1   | 8091 ||| Stepping ~*~*~tactically~*~*~ (retreating).
  8092 | Lair:1   | 8092 ||| Stepping ~*~*~tactically~*~*~ (retreating).
  8093 | Lair:1   | 8093 ||| Stepping ~*~*~tactically~*~*~ (retreating).
  8094 | Lair:1   | 8094 ||| Stepping ~*~*~tactically~*~*~ (retreating).
  8095 | Lair:1   | 8095 ||| RETREATING.
  8104 | Lair:1   | 8104 ||| INVOKING Heroism.
  8127 | Lair:1   | Reached skill level 14 in Ranged Weapons
  8139 | Lair:1   | Killed Maggie
  8244 | Lair:1   | 8244 ||| INVOKING Heroism.
  8426 | Lair:1   | 8426 ||| RETREATING.
  8429 | Lair:1   | 8429 ||| Stepping ~*~*~tactically~*~*~ (retreating).
  8430 | Lair:1   | 8430 ||| Stepping ~*~*~tactically~*~*~ (retreating).
  8431 | Lair:1   | 8431 ||| Stepping ~*~*~tactically~*~*~ (retreating).
  8432 | Lair:1   | 8432 ||| Stepping ~*~*~tactically~*~*~ (retreating).
  8536 | Lair:1   | 8536 ||| INVOKING Heroism.
  8576 | Lair:1   | 8576 ||| INVOKING Heroism.
  8834 | Lair:1   | 8834 ||| READING scroll labelled BESTRIRA POBAY.
  8876 | Lair:2   | 8876 ||| INVOKING Heroism.
  8933 | Lair:2   | 8933 ||| INVOKING Heroism.
  8988 | Lair:2   | Reached **** piety under Okawaru
  9090 | Lair:2   | 9090 ||| INVOKING Heroism.
  9095 | Lair:2   | Reached XP level 12. HP: 75/77 MP: 12/15
  9165 | Lair:2   | 9165 ||| RETREATING.
  9200 | Lair:2   | 9200 ||| INVOKING Heroism.
  9388 | Lair:2   | 9388 ||| Stepping ~*~*~tactically~*~*~ (retreating).
  9395 | Lair:2   | 9395 ||| Stepping ~*~*~tactically~*~*~ (retreating).
  9396 | Lair:2   | 9396 ||| INVOKING Heroism.
  9583 | Lair:2   | 9583 ||| INVOKING Heroism.
  9619 | Lair:2   | 9619 ||| INVOKING Heroism.
  9630 | Lair:2   | HP: 13/77 [wind drake (8)]
  9631 | Lair:2   | 9631 ||| READING scroll of teleportation.
  9633 | Lair:2   | HP: 5/77 [wind drake (3)]
  9636 | Lair:2   | Found a hole to the Spider Nest.
  9646 | Lair:2   | 9646 ||| INVOKING Heroism.
  9972 | Lair:2   | 9972 ||| INVOKING Heroism.
  9974 | Lair:2   | 9974 ||| RETREATING.
  9979 | Lair:2   | 9979 ||| Stepping ~*~*~tactically~*~*~ (retreating).
  9980 | Lair:2   | 9980 ||| Stepping ~*~*~tactically~*~*~ (retreating).
  9981 | Lair:2   | 9981 ||| Stepping ~*~*~tactically~*~*~ (retreating).
  9992 | Lair:2   | Reached skill level 15 in Ranged Weapons
  9995 | Lair:2   | 9995 ||| INVOKING Heroism.
 10088 | Lair:2   | Found a transporter.
 10088 | Lair:2   | Found a transporter.
 10090 | Lair:2   | Identified the +0 dagger "Killer Klown's Bane" {speed,
                  | Str+3 Int-2 Dex+9}
 10090 | Lair:2   | Noticed a boulder beetle
 10095 | Lair:2   | Found a staircase to the Shoals.
 10337 | Lair:2   | 10337 ||| DROPPING amulet of guardian spirit.
 10338 | Lair:2   | 10338 ||| READING 2 scrolls labelled JEISUA LOEMP.
 10339 | Lair:2   | 10339 ||| READING scroll labelled IPHUBB CAEC.
 10340 | Lair:2   | 10340 ||| DRINKING 2 amethyst potions.
 10341 | Lair:2   | 10341 ||| READING 4 scrolls of identify.
 10341 | Lair:2   | 10341 ||| IDENTIFYING purple potion
 10342 | Lair:2   | 10342 ||| DROPPING potion of attraction.
 10343 | Lair:2   | 10343 ||| DROPPING scroll of blinking.
 10379 | Lair:3   | Noticed Nergalle
 10380 | Lair:3   | 10380 ||| INVOKING Heroism.
 10381 | Lair:3   | 10381 ||| RIP SEWER
 10381 | Lair:3   | 10381 ||| PLANNING D:1-11
 10388 | Lair:3   | 10388 ||| STAIRDANCE
 10400 | Lair:2   | Killed Nergalle
 10530 | D:10     | 10530 ||| PLANNING LAIR
 10604 | Lair:3   | 10604 ||| Stepping ~*~*~tactically~*~*~ (retreating).
 10611 | Lair:3   | 10611 ||| Stepping ~*~*~tactically~*~*~ (retreating).
 10612 | Lair:3   | 10612 ||| Stepping ~*~*~tactically~*~*~ (retreating).
 10613 | Lair:3   | 10613 ||| Stepping ~*~*~tactically~*~*~ (retreating).
 10614 | Lair:3   | 10614 ||| Stepping ~*~*~tactically~*~*~ (retreating).
 10615 | Lair:3   | 10615 ||| Stepping ~*~*~tactically~*~*~ (retreating).
 10619 | Lair:3   | 10619 ||| INVOKING Heroism.
 10640 | Lair:3   | 10640 ||| INVOKING Heroism.
 10701 | Lair:3   | 10701 ||| FLEEEEING.
 10702 | Lair:3   | 10702 ||| FLEEEEING.
 10703 | Lair:3   | 10703 ||| FLEEEEING.
 10705 | Lair:3   | 10705 ||| FLEEEEING.
 10706 | Lair:3   | 10706 ||| FLEEEEING.
 10707 | Lair:3   | 10707 ||| INVOKING Heroism.
 10912 | Lair:3   | Received a gift from Okawaru
 10944 | Lair:3   | Found the +15 Maxwell's patent armour {-Cast -Tele rElec
                  | Will+ rCorr}
 10959 | Lair:3   | Found a frozen archway.
 11026 | Lair:3   | 11026 ||| RETREATING.
 11043 | Lair:3   | 11043 ||| Stepping ~*~*~tactically~*~*~ (retreating).
 11044 | Lair:3   | 11044 ||| Stepping ~*~*~tactically~*~*~ (retreating).
 11045 | Lair:3   | 11045 ||| Stepping ~*~*~tactically~*~*~ (retreating).
 11062 | Lair:3   | Reached skill level 6 in Invocations
 11188 | Lair:3   | 11188 ||| SWAPPING to +0 arbalest.
 11189 | Lair:3   | 11189 ||| DROPPING +0 orcbow.
 11452 | Lair:3   | 11452 ||| READING 2 scrolls labelled SITZOWKICAN.
 11553 | Lair:3   | 11553 ||| READING scroll labelled VYAMPAAHUSI.
 11554 | Lair:3   | 11554 ||| DROPPING scroll of silence.
 11799 | Lair:4   | 11799 ||| RETREATING.
 11800 | Lair:4   | 11800 ||| Stepping ~*~*~tactically~*~*~ (retreating).
 11802 | Lair:4   | 11802 ||| Stepping ~*~*~tactically~*~*~ (retreating).
 11803 | Lair:4   | 11803 ||| Stepping ~*~*~tactically~*~*~ (retreating).
 11807 | Lair:4   | Reached skill level 16 in Ranged Weapons
 11830 | Lair:4   | 11830 ||| INVOKING Heroism.
 12081 | Lair:4   | Reached XP level 13. HP: 82/82 MP: 18/18
 12144 | Lair:4   | Identified the +1 ring mail of Ehybbep {rPois Dex+7 Slay+4
                  | Stlth-}
 12230 | Lair:4   | Reached skill level 9 in Armour
 12316 | Lair:4   | Noticed Kirke
 12317 | Lair:4   | 12317 ||| RETREATING.
 12321 | Lair:4   | 12321 ||| Stepping ~*~*~tactically~*~*~ (retreating).
 12322 | Lair:4   | 12322 ||| Stepping ~*~*~tactically~*~*~ (retreating).
 12323 | Lair:4   | 12323 ||| Stepping ~*~*~tactically~*~*~ (retreating).
 12324 | Lair:4   | 12324 ||| Stepping ~*~*~tactically~*~*~ (retreating).
 12325 | Lair:4   | 12325 ||| Stepping ~*~*~tactically~*~*~ (retreating).
 12326 | Lair:4   | 12326 ||| Stepping ~*~*~tactically~*~*~ (retreating).
 12327 | Lair:4   | 12327 ||| Stepping ~*~*~tactically~*~*~ (retreating).
 12329 | Lair:4   | 12329 ||| INVOKING Heroism.
 12347 | Lair:4   | Killed Kirke
 12640 | Lair:4   | 12640 ||| UPGRADING to +1 ring mail of Ehybbep {rPois Dex+7
                  | Slay+4 Stlth-}.
 12650 | Lair:4   | 12650 ||| DROPPING quicksilver dragon scales.
 12651 | Lair:4   | 12651 ||| DROPPING +1 robe of fire resistance.
 12652 | Lair:4   | 12652 ||| READING 4 scrolls of identify.
 12652 | Lair:4   | 12652 ||| IDENTIFYING fuming ruby potion
 12683 | Lair:5   | Entered Level 5 of the Lair of Beasts
 12732 | Lair:5   | 12732 ||| INVOKING Heroism.
 12822 | Lair:5   | 12822 ||| RETREATING.
 12823 | Lair:5   | 12823 ||| INVOKING Heroism.
 12825 | Lair:5   | 12825 ||| Stepping ~*~*~tactically~*~*~ (retreating).
 12826 | Lair:5   | 12826 ||| Stepping ~*~*~tactically~*~*~ (retreating).
 12827 | Lair:5   | 12827 ||| Stepping ~*~*~tactically~*~*~ (retreating).
 12828 | Lair:5   | 12828 ||| Stepping ~*~*~tactically~*~*~ (retreating).
 12829 | Lair:5   | 12829 ||| Stepping ~*~*~tactically~*~*~ (retreating).
 12832 | Lair:5   | 12832 ||| RETREATING.
 12835 | Lair:5   | 12835 ||| Stepping ~*~*~tactically~*~*~ (retreating).
 12836 | Lair:5   | 12836 ||| Stepping ~*~*~tactically~*~*~ (retreating).
 12837 | Lair:5   | 12837 ||| Stepping ~*~*~tactically~*~*~ (retreating).
 12838 | Lair:5   | 12838 ||| Stepping ~*~*~tactically~*~*~ (retreating).
 12841 | Lair:5   | 12841 ||| Stepping ~*~*~tactically~*~*~ (retreating).
 12930 | Lair:5   | Reached skill level 9 in Invocations
 12952 | Lair:5   | Reached ***** piety under Okawaru
 12954 | Lair:5   | 12954 ||| INVOKING Heroism.
 13206 | Lair:5   | Found a burning altar of Makhleb.
 13207 | Lair:5   | 13207 ||| RETREATING.
 13263 | Lair:5   | 13263 ||| Stepping ~*~*~tactically~*~*~ (outnumbered).
 13282 | Lair:5   | 13282 ||| RETREATING.
 13283 | Lair:5   | 13283 ||| Stepping ~*~*~tactically~*~*~ (outnumbered).
 13289 | Lair:5   | 13289 ||| Stepping ~*~*~tactically~*~*~ (retreating).
 13290 | Lair:5   | 13290 ||| Stepping ~*~*~tactically~*~*~ (retreating).
 13291 | Lair:5   | 13291 ||| Stepping ~*~*~tactically~*~*~ (retreating).
 13292 | Lair:5   | 13292 ||| Stepping ~*~*~tactically~*~*~ (retreating).
 13295 | Lair:5   | 13295 ||| INVOKING Heroism.
 13301 | Lair:5   | Reached skill level 6 in Dodging
 13305 | Lair:5   | Identified the +0 plate armour "Cosmynn" {Harm rElec Str+4}
                  | (Okawaru gifted it to you on level 5 of the Lair of Beasts)
 13305 | Lair:5   | Received a gift from Okawaru
 13441 | Lair:5   | 13441 ||| INVOKING Heroism.
 13444 | Lair:5   | 13444 ||| INVOKING Finesse.
 13502 | Lair:5   | Found a gateway to Hell.
 13588 | Lair:5   | 13588 ||| INVOKING Heroism.
 13590 | Lair:5   | 13590 ||| RETREATING.
 13596 | Lair:5   | 13596 ||| Stepping ~*~*~tactically~*~*~ (retreating).
 13600 | Lair:5   | 13600 ||| Stepping ~*~*~tactically~*~*~ (retreating).
 13604 | Lair:5   | 13604 ||| Stepping ~*~*~tactically~*~*~ (retreating).
 13645 | Lair:5   | 13645 ||| INVOKING Heroism.
 13821 | Lair:5   | 13821 ||| INVOKING Heroism.
 13871 | Lair:5   | 13871 ||| INVOKING Heroism.
 13974 | Lair:5   | Found a viscous altar of Jiyva.
 13974 | Lair:5   | Found a staircase to the Slime Pits.
 14002 | Lair:5   | 14002 ||| INVOKING Heroism.
 14072 | Lair:5   | 14072 ||| PLANNING D:1-11
 14072 | Lair:5   | 14072 ||| UPGRADING to +1 pair of gloves.
 14082 | Lair:5   | 14082 ||| DROPPING +0 pair of gloves.
 14091 | Lair:5   | 14091 ||| READING scroll labelled MESYBLIV TIYTZ.
 14243 | D:11     | 14243 ||| RETREATING.
 14244 | D:11     | 14244 ||| Stepping ~*~*~tactically~*~*~ (retreating).
 14245 | D:11     | 14245 ||| Stepping ~*~*~tactically~*~*~ (retreating).
 14246 | D:11     | 14246 ||| Stepping ~*~*~tactically~*~*~ (retreating).
 14253 | D:11     | 14253 ||| INVOKING Heroism.
 14259 | D:11     | HP: 15/84 [troll (7)]
 14260 | D:11     | 14260 ||| READING 2 scrolls of teleportation.
 14260 | D:11     | HP: 7/84 [brown ugly thing (2)]
 14260 | D:11     | Splashed by a brown ugly thing's acid

Levels and vault maps discovered:
D:1:      matt_arrival_los_fun, layout_rooms,
          hellmonk_ecumenical_altar_crossroads
D:2:      minmay_angry_zag, layout_rooms
D:3:      layout_loops_ring, minmay_diced_spiral
D:4:      nicolae_BIG_FREAKIN_CUBE, layout_loops_ring, minmay_misc_feat_cross,
          kennysheep_generic_room_14
D:5:      layout_rooms, yredelemnul_forgotten_temple_becter,
          minmay_temple_entry_butterflies, minmay_increasing_density
D:6:      layout_loops_ring, grunt_temple_overflow_cloverleaf, serial_shops,
          shop, nrook_mini_backslash, kennysheep_big_empty_room
D:7:      layout_basic, grunt_potential
D:8:      layout_gridville, enter_bailey_2
D:9:      layout_rooms, gammafunk_temple_overflow_wave, serial_shops, shop,
          kennysheep_generic_room_4, uniq_amaemon
D:10:     layout_rooms, dpeg_oklobed_lair, minmay_misc_feat_four_crosses,
          minmay_misc_feat_pillars, kennysheep_opposing_triangles
D:11:     layout_irregular_city, nicolae_rank_and_phial
Temple:   nicolae_temple_superstar
Lair:1:   layout_chaotic_city, st_stairs_7, uniq_maggie
Lair:2:   gammafunk_boulding_lane, layout_loops_ring,
          minmay_shoals_entry_beasts, spider_nest_entry_rubble, disabler_island,
          lemuel_fruit_fields, serial_bayou_shore_b
Lair:3:   layout_hall_layers, portal_ice_cave_rime, uniq_nergalle
Lair:4:   layout_cave_shapes, enter_volcano_3, lemuel_fruit_tree,
          serial_bayou_shore_b, uniq_kirke
Lair:5:   evil_forest, layout_gridlike, dpeg_slime_entry_enclosed

Skill      XL: |  1  2  3  4  5  6  7  8  9 10 11 12 13 |
---------------+----------------------------------------+-----
Ranged Weapons | 5 6 7 8 10 11 13 14 16 | 16.6
Fighting       | 3 4 5 6 8 10 11 | 11.0
Armour         | 1 2 6 8 9 |  9.0
Dodging        | 2 3 4 6 |  6.2
Invocations    | 3 4 7 10 | 10.0
Stealth        | |  1.1

Action                     |  1- 3 |  4- 6 |  7- 9 | 10-12 | 13-15 || total
---------------------------+-------+-------+-------+-------+-------++-------
   Fire: Shortbow          |   111 |    14 |       |       |       ||   125
         Sling             |       |   113 |   246 |    70 |       ||   429
         Orcbow            |       |       |       |   807 |       ||   807
         Arbalest          |       |       |       |   118 |   287 ||   405
 Invoke: Heroism           |       |       |       |    25 |    12 ||    37
         Finesse           |       |       |       |       |     1 ||     1
    Use: Scroll            |       |     7 |     8 |    12 |     3 ||    30
         Potion            |       |       |     1 |     2 |       ||     3
 Armour: Leather armour    |    15 |       |       |       |       ||    15
         Ring mail         |       |    27 |    43 |       |   136 ||   206
         Robe              |       |       |    50 |       |       ||    50
         Quicksilver drago |       |       |       |   538 |    72 ||   610
  Dodge: Dodged            |    25 |    30 |    66 |   402 |   165 ||   688
  Block: Other             |       |       |       |   156 |    68 ||   224
         Reflection        |       |       |       |     3 |       ||     3

Table legend:
 A = Non-vault XP
 B = Vault XP
 C = Vault XP percentage of total XP
 D = Non-vault monster count
 E = Vault monster count
 F = Vault count percentage of total count
                 A         B        C        D         E       F
            +---------+---------+-------+---------+---------+-------
      Total |   32553 |   20372 |  38.5 |     255 |      92 |  26.5
            +---------+---------+-------+---------+---------+-------
        D:1 |      44 |       0 |   0.0 |      25 |       0 |   0.0
        D:2 |      65 |       7 |   9.7 |      16 |       5 |  23.8
        D:3 |      62 |       6 |   8.8 |      22 |       4 |  15.4
        D:4 |     411 |       5 |   1.2 |      21 |       2 |   8.7
        D:5 |     984 |     300 |  23.4 |      17 |       7 |  29.2
        D:6 |     524 |       0 |   0.0 |       7 |       0 |   0.0
        D:7 |     526 |    1910 |  78.4 |       5 |      25 |  83.3
        D:8 |     993 |       0 |   0.0 |      13 |       0 |   0.0
        D:9 |    1672 |    1340 |  44.5 |      19 |       3 |  13.6
       D:10 |    3395 |     674 |  16.6 |      16 |       4 |  20.0
       D:11 |    1010 |       0 |   0.0 |       5 |       0 |   0.0
     Lair:1 |    3641 |     814 |  18.3 |      17 |       2 |  10.5
     Lair:2 |    4753 |    2255 |  32.2 |      20 |       9 |  31.0
     Lair:3 |    2411 |     765 |  24.1 |      13 |       2 |  13.3
     Lair:4 |    5724 |    1869 |  24.6 |      18 |       4 |  18.2
     Lair:5 |    6338 |   10427 |  62.2 |      21 |      25 |  54.3
            +---------+---------+-------+---------+---------+-------
